[Event "Benidorm Open-A 2022"]
[Site "Benidorm"]
[Date "2022.12.06"]
[Round "5.17"]
[White "Rajarishi Karthi"]
[Black "Rodriguez Garcia, Manuel Francisco"]
[Result "1-0"]
[ECO "E81"]
[WhiteElo "2239"]
[BlackElo "2135"]
[Annotator "TA"]
[PlyCount "77"]
[EventDate "2022.12.03"]
[EventType "swiss"]
[EventCountry "ESP"]
[SourceTitle "playchess.com"]
[Source "ChessBase"]
[SourceQuality "1"]
[TimeControl "5400+30"]

1. d4 Nf6 2. c4 g6 3. Nc3 Bg7 4. e4 d6 5. f3 O-O 6. Be3 c5 7. Nge2 Nc6 8. Qd2 Qa5 9. O-O-O {E81: King's Indian: Sämisch: 6th move deviations (including 6 Be3 c6).} Rd8 10. Kb1 a6 11. dxc5 {The position is equal.} dxc5 12. Nd5 Qxd2 (12... Nxd5 $142 $1 13. Qxa5 Nxa5 14. cxd5 Nc4 15. Bxc5 Nxb2) 13. Rxd2 $11 {[%cal Od5e7] [#] Strongly threatening Nxe7+!} Nd7 14. Bg5 {[#] Prevents e6.} f6 $146 ({Predecessor:} 14... Bf6 15. Bxf6 exf6 16. Nec3 Kg7 17. h4 Nde5 18. h5 g5 19. Be2 f5 20. h6+ Kh8 21. Rh5 f6 22. Kc1 Nd4 {0-1 (22) Jordaan,W (1491)-Bujdak,P (1591) LSS email 2013}) 15. Be3 {With the idea Nef4.} (15. Bf4 {simplifies} b6 16. Bc7 Re8 17. Bxb6 Nxb6 18. Nxb6 Rb8 19. Nxc8 Rexc8 20. f4) 15... Kf7 $1 16. Nef4 (16. h4 {simplifies} b6 17. h5 e6 18. hxg6+ hxg6 19. e5) 16... Nde5 17. Bxc5 e6 $1 18. Nb6 (18. Bb6 $5 exd5 19. cxd5 $11 (19. Bxd8 Bh6 $11)) 18... Rxd2 19. Nxa8 Bh6 20. Be3 Rd1+ 21. Kc2 Nxc4 (21... Re1 $15 22. Bf2 Ra1) 22. Kxd1 Nxe3+ 23. Ke2 $1 Bxf4 24. Nb6 {Against e5} Ne7 (24... Nd4+ {keeps more tension.} 25. Kd3 e5 26. g3 Bh6) 25. g3 {[%mdl 1024] White has compensation.} Bh6 26. Bh3 {Black must now prevent Kd3.} f5 27. f4 {[#] Hoping for Rc1.} Nc2 28. e5 ({White should try} 28. Rd1 $1 $14 Nb4 29. Bg2) 28... Nd4+ 29. Ke3 Ndc6 30. Bg2 {Inhibits Nd5+.} (30. Rd1 {simplifies} Nd5+ 31. Rxd5 exd5 32. Nxc8 Bf8 33. a3) 30... g5 31. Rd1 gxf4+ 32. gxf4 Nxe5 33. Rd8 $1 ({Of course not} 33. Nxc8 Nxc8 34. Bxb7 Ne7 35. Bxa6 Nd5+ 36. Kd4 Bxf4 $17) 33... N5c6 34. Bxc6 (34. Rxc8 $2 {perishes.} Nxc8 35. Nxc8 e5 36. Nd6+ Kf6 $19) 34... bxc6 (34... Nxc6 $14 35. Rxc8 e5) 35. Nxc8 $16 {And now Rd7 would win. White is more active.} Nd5+ 36. Kf3 Nxf4 $2 (36... Bxf4 $16 37. Rxd5 cxd5 38. Kxf4 Kf6) 37. Rd7+ $18 {White has a decisive advantage.} Kg6 38. Ne7+ Kh5 39. Nxc6 {Weighted Error Value: White=0.09 (flawless) /Black=0.25 (precise)} 1-0

[Event "Benidorm Open-A 2022"]
[Site "Benidorm"]
[Date "2022.12.06"]
[Round "5.18"]
[White "Gugan G"]
[Black "Ilinca Ilinca, Felix Antonio"]
[Result "1-0"]
[ECO "B40"]
[WhiteElo "2126"]
[BlackElo "2233"]
[Annotator "TA"]
[PlyCount "53"]
[EventDate "2022.12.03"]
[EventType "swiss"]
[EventCountry "ESP"]
[SourceTitle "playchess.com"]
[Source "ChessBase"]
[SourceQuality "1"]
[TimeControl "5400+30"]

1. e4 c5 2. Nf3 e6 3. d4 cxd4 4. Nxd4 Nf6 5. Nc3 Nc6 6. Nxc6 bxc6 7. Bd3 d5 8. O-O Be7 9. Qe2 O-O {B40: Sicilian: 2...e6, Unusual lines.} 10. b3 c5 {10...a5 gains popularity.} (10... Re8 $11 {is superior.}) 11. Bb2 Bb7 {The position is equal.} 12. Rad1 a6 13. Rfe1 {Hoping for exd5.} Re8 (13... d4 $5 14. Nb1 a5 $11) 14. Qf3 {[#]} Qc7 $146 {[#]} (14... d4 $11 15. Nb1 Nd7) ({Predecessor:} 14... d4 15. Nb1 Nd7 16. Na3 Ne5 17. Qe2 Nxd3 18. cxd3 a5 19. Rc1 a4 20. bxa4 Rxa4 {0-1 (31) Nigmatov,O (2361)-Andreikin,D (2712) Chess.com INT 2018}) 15. e5 $1 $16 ({Of course not} 15. exd5 $6 exd5 16. Qf5 g6 $11) 15... Nd7 {[#]} 16. Bxh7+ $1 Kxh7 17. Qxf7 {White is more active.} Bg5 {[%mdl 8192] [#] Against Re3} (17... Nxe5 $16 18. Qh5+ (18. Qxe6 Bd6 $17) 18... Kg8) 18. Ne4 $3 $18 {[%mdl 576] White is clearly winning.} dxe4 19. Rxd7 (19. Qxd7 $2 {perishes.} Qxd7 20. Rxd7 Bc6 $19) 19... Qxd7 20. Qxd7 Re7 21. Qd1 Rf8 22. Ba3 Rc8 23. Qh5+ Bh6 24. Bc1 Rg8 25. g4 g5 26. h4 Reg7 27. hxg5 {White took control after the opening.   Weighted Error Value: White=0.07 (flawless) /Black=0.48} 1-0

[Event "Benidorm Open-A 2022"]
[Site "Benidorm"]
[Date "2022.12.06"]
[Round "5.19"]
[White "Grabuzova, Tatiana"]
[Black "Gil Lopez, Alejandro"]
[Result "1-0"]
[ECO "E73"]
[WhiteElo "2229"]
[BlackElo "2041"]
[Annotator "TA"]
[PlyCount "87"]
[EventDate "2022.12.03"]
[EventType "swiss"]
[EventCountry "ESP"]
[SourceTitle "playchess.com"]
[Source "ChessBase"]
[SourceQuality "1"]
[TimeControl "5400+30"]

1. d4 Nf6 2. c4 g6 3. Nc3 Bg7 4. e4 d6 5. Be2 O-O 6. Be3 Nbd7 7. Nf3 e5 8. d5 a5 9. Nd2 Nc5 10. g4 Ne8 {E93: King's Indian: Classical: Petrosian System with 7...Nbd7.} 11. g5 (11. h4 $16) 11... f5 12. gxf6 {[#]} (12. h4 $14 {was preferrable.}) 12... Bxf6 $146 {The position is equal.} ({Predecessor:} 12... Nxf6 13. Rg1 Kh8 14. Qc2 Ng8 15. Nf3 Nf6 16. Ng5 b6 17. O-O-O Bd7 18. h4 Qc8 {0-1 (50) Toth,E (2466)-Czebe,A (2491) Budapest 2012}) 13. Rg1 {Inhibits Bg5.} Kh8 14. Qc2 Bd7 15. O-O-O a4 16. h4 Bxh4 17. Nf3 {[#] Hoping for Nxh4.} Bf6 18. Rh1 {[%mdl 1024] White has compensation.} a3 19. b3 (19. b4 {keeps more tension.} Na4 20. Rdg1 Kg8 21. c5) 19... Rg8 20. Rh6 (20. Rdg1 $14) 20... Bg4 21. Qd2 (21. Rg1 {with more complications.} Bxf3 22. Bxf3 c6 23. Rh3) 21... Bxf3 22. Bxf3 c6 23. Bg4 Rg7 24. f3 ({White should play} 24. Rh3 $14) 24... Qe7 (24... Be7 $11 {remains equal.}) 25. Kc2 (25. Rdh1 {is interesting.} Rd8 26. Kb1 Nc7 27. R6h2) 25... Na6 26. Kb1 {White is much more active. The black rooks are badly placed.} (26. Rh2 {feels hotter.} Nc5 27. Bh6 Rf7 28. Rdh1) 26... c5 {White leaves nothing to chance now.} (26... Nc5 $14) 27. Rdh1 $18 Nec7 28. Bh3 ({White should try} 28. Na4) 28... Nb8 29. Bc8 Ne8 (29... b6 $16) 30. Qg2 Nd7 31. Bxb7 Rb8 32. Bc6 Nf8 33. Nb5 Nc7 34. Nxa3 Na6 35. Nc2 Qc7 36. Bd2 Nb4 37. Nxb4 cxb4 38. Be3 Kg8 39. Qc2 Nd7 40. Bxd7 Rxd7 (40... Qxd7 {is a better defense.} 41. R6h2 Rf7) 41. c5 Qa5 (41... dxc5 {was worth a try.} 42. Qc4 (42. Bxc5 Rc8 $11) (42. Qxc5 Qxc5 43. Bxc5 Rbb7 $16) 42... Rg7) 42. cxd6 Qa6 43. Qc4 {Against Rc8} Qxd6 {[#]} (43... Ra8) 44. Bc5 {Weighted Error Value: White=0.20 (precise) /Black=0.32} 1-0

[Event "Benidorm Open-A 2022"]
[Site "Benidorm"]
[Date "2022.12.06"]
[Round "5.20"]
[White "Sarveshwaran V"]
[Black "Harshad S"]
[Result "0-1"]
[ECO "B92"]
[WhiteElo "2040"]
[BlackElo "2202"]
[Annotator "TA"]
[PlyCount "132"]
[EventDate "2022.12.03"]
[EventType "swiss"]
[EventCountry "ESP"]
[SourceTitle "playchess.com"]
[Source "ChessBase"]
[SourceQuality "1"]
[TimeControl "5400+30"]

1. e4 c5 2. Nf3 d6 3. d4 cxd4 4. Nxd4 Nf6 5. Nc3 a6 6. Be2 e5 7. Nb3 Be6 8. Be3 Nbd7 9. O-O Rc8 10. a4 Be7 11. f3 {B92: Sicilian Najdorf: 6 Be2.} Nb6 12. Kh1 {[#]} Nc4 $146 ({Predecessor:} 12... O-O 13. a5 Nc4 14. Bxc4 Rxc4 15. Rf2 d5 16. Bb6 Qd7 17. exd5 Nxd5 18. Rd2 Rxc3 19. bxc3 {½-½ (43) Mateus Urbano,L (2192)-Cuartas Medina,J (2283) San Andres Islas 2008}) 13. Bxc4 {The position is equal.} Bxc4 14. Rf2 O-O 15. Rd2 {Against d5} h6 16. Qg1 Qc7 17. Bb6 Qb8 18. Ba7 Qa8 19. Bb6 Rfe8 20. Rad1 Be6 21. Na5 (21. Ba5 $11) 21... Kh8 (21... Nd7 $15) 22. Nb3 Rc4 23. Nc1 (23. Na5 $5 Rcc8 24. Qf2 $11) 23... Qc8 24. N1e2 Nd7 25. Ba5 {Inhibits Rb4.} b6 26. b3 (26. Bxb6 $15 Rb4 27. a5) 26... Rc6 27. Bb4 a5 $1 28. Bxd6 Rxc3 29. Nxc3 Qxc3 30. Bxe7 Rxe7 31. Qf1 Qc6 {Black is more active.} 32. Qb5 Qxb5 (32... Qc7 $1 $17) 33. axb5 $15 Nc5 (33... Nf6 $5 ) 34. Rd8+ $1 Kh7 35. Rb8 Rd7 36. Rxd7 Nxd7 37. Rb7 Kg8 38. Rc7 Kf8 39. Rc6 Ke7 40. Kg1 {[#]} f6 ({Black should play} 40... Kd8 $1 $17) 41. Kf2 $11 Bf7 42. Ke3 Kd8 43. h3 Nb8 44. Rd6+ (44. Rxb6 $2 {perishes.} Kc7 45. Rxb8 Kxb8 $19) (44. Rc3 $1 $15) 44... Kc7 $17 45. Rd1 Nd7 46. g3 (46. Rb1 $142) 46... Nc5 47. f4 (47. Ra1 $17) 47... Be6 48. fxe5 fxe5 ({But not} 48... Bxh3 49. Rh1 (49. exf6 gxf6 50. Rh1 Bg2 $11) 49... Bg2 50. exf6 gxf6 51. Rh5 $14) 49. g4 Nd7 50. Re1 Kd6 51. c4 (51. g5 $17) 51... Ke7 $19 52. Kd3 Nc5+ 53. Kc3 Bf7 54. Re3 (54. Re2 {is a better defense.}) 54... Bg6 55. b4 {[#]} axb4+ (55... Nxe4+ 56. Kb3 $17) 56. Kxb4 Bxe4 ({Weaker is} 56... Nxe4 57. Re1 $17) 57. h4 Ke6 58. h5 $2 (58. Ra3) 58... Kf6 {White must now prevent ...Kg5.} 59. Re2 Ke6 (59... Bf3 $142 60. Re3 Bxg4) 60. Re3 Bb7 {Strongly threatening ...e4.} 61. Rg3 $2 (61. Kc3) 61... Kf6 {Black is clearly winning.} 62. Rg1 e4 63. Kc3 Ke5 64. g5 e3 {...Kf4 is the strong threat.} 65. gxh6 gxh6 {Threatens to win with ...Kf4.} 66. Re1 Kf4 {Weighted Error Value: White=0.35/Black=0.24 (precise)} (66... Ke4 $142 67. Kc2 Kd4 68. Rd1+ Kxc4) 0-1

[Event "Benidorm Open-A 2022"]
[Site "Benidorm"]
[Date "2022.12.06"]
[Round "5.21"]
[White "Nawin J J"]
[Black "Minnican, Alan"]
[Result "1-0"]
[ECO "C48"]
[WhiteElo "2351"]
[BlackElo "2049"]
[Annotator "TA"]
[PlyCount "118"]
[EventDate "2022.12.03"]
[EventType "swiss"]
[EventCountry "ESP"]
[SourceTitle "playchess.com"]
[Source "ChessBase"]
[SourceQuality "1"]
[TimeControl "5400+30"]

1. e4 e5 2. Nf3 Nf6 3. Nc3 Nc6 4. Bb5 Nd4 5. O-O Nxb5 6. Nxb5 c6 7. Nc3 d6 8. d4 Qc7 9. h3 Be7 10. a4 O-O {C48: Four Knights: 4 Bb5, replies other than 4...Bb4.} 11. a5 {[#] 11.b3 is a critical line.} a6 $146 ({Predecessor:} 11... Be6 12. Qd3 b5 13. d5 cxd5 14. exd5 Bd7 15. Nxb5 Bxb5 16. Qxb5 Qxc2 17. Qb7 Rfe8 18. Be3 {1-0 (63) Carvajal Pena,D (1894)-Rodriguez Arrieta,M (1882) San Jose 2020}) 12. Be3 Be6 {The position is equal.} 13. Qe2 h6 14. Rfd1 Rfe8 15. dxe5 dxe5 16. Na4 (16. Bb6 $5 Qb8 17. Qe3 $14) 16... Rad8 (16... Nxe4 $2 17. Bb6 Qc8 18. Qxe4 $18) 17. Bb6 Rxd1+ 18. Rxd1 Qb8 19. Bc5 Nd7 20. Bxe7 {White has more active pieces.} Rxe7 21. Qe3 Qc7 22. Nb6 f6 23. Nh4 Nxb6 24. axb6 Qc8 25. Qc5 Rd7 26. Rxd7 Qxd7 $11 {[%mdl 4096] Endgame KQB-KQN} 27. Nf3 Kf7 28. Kh2 Qe7 29. Qe3 (29. Qc3 $1 $11) 29... Qd6 {Black continues to play with concentration.} 30. Ne1 {[#]} c5 $1 31. Nd3 (31. Kg3 $17 {was necessary.}) 31... c4 $36 {[%mdl 2048] Black is on the roll.} ({And not} 31... Qxb6 32. Qxc5 Qxc5 33. Nxc5 $11) 32. Qc5 Ke7 33. Qxd6+ Kxd6 {KB-KN} 34. Nb4 (34. Nc1 {is a better defense.}) 34... a5 35. Na2 Kc5 36. Nc3 Kxb6 37. Kg3 Kc5 {Strongly threatening ...b5.} 38. Kf3 b5 39. Ke3 b4 40. Nb1 (40. Nd1) 40... g6 {[%cal Oc4c3,Bg7g6,Bg6f5,Bf5f4][%mdl 32] [#] And now ...c3! would win.} 41. h4 $2 (41. c3) 41... f5 42. f3 (42. c3 $142 fxe4 43. Nd2) 42... Bd7 43. c3 Bc6 44. exf5 gxf5 {Hoping for ...f4+.} 45. g4 (45. Ke2 $142) 45... f4+ 46. Kf2 e4 47. fxe4 Bxe4 48. Nd2 Bd5 {aiming for ...a4.} 49. h5 bxc3 50. bxc3 Kd6 51. g5 Ke7 ({Stronger than} 51... hxg5 52. h6 Bg8 53. Nxc4+ Ke6 54. Nxa5 $17) 52. gxh6 Kf7 {Black mates.} 53. Ke2 Kg8 54. Kd1 Kh7 55. Kc2 Kxh6 56. Kb2 Kxh5 57. Ka3 Kg4 58. Ka4 Kg3 59. Kb5 Kf2 {[%mdl 32768] Weighted Error Value: White=0.61/Black=0.26 (precise) . Sensor Board Error (Ke4/e5)?} 1-0

[Event "Benidorm Open-A 2022"]
[Site "Benidorm"]
[Date "2022.12.06"]
[Round "5.22"]
[White "O`Neill Y Daneiko, Jose Antonio"]
[Black "Cabezas Ayala, Ivan"]
[Result "1-0"]
[ECO "A00"]
[WhiteElo "1961"]
[BlackElo "2259"]
[Annotator "TA"]
[PlyCount "71"]
[EventDate "2022.12.03"]
[EventType "swiss"]
[EventCountry "ESP"]
[SourceTitle "playchess.com"]
[Source "ChessBase"]
[SourceQuality "1"]
[TimeControl "5400+30"]

1. Nc3 e5 2. Nf3 Nc6 3. d4 exd4 4. Nxd4 Nf6 5. Bg5 Bb4 (5... Bc5 {simplifies} 6. e3 Nxd4 7. exd4 Be7) 6. Nxc6 {A00: Irregular Openings.} bxc6 7. Qd4 c5 {[#]} (7... Be7 $11) 8. Qh4 $146 {White is more active.} (8. Qe5+ $16 Kf8 9. O-O-O) ({Predecessor:} 8. Qe5+ Kf8 9. a3 Bxc3+ 10. Qxc3 d6 11. e4 h6 12. Bh4 Bb7 13. Bxf6 Qxf6 14. Qxf6 gxf6 {½-½ (93) Grafl,F (2353)-Aliakbarov,A (2219) Chess.com INT 2020}) 8... Rb8 9. Bxf6 (9. e4 {deserves consideration.}) 9... Qxf6 $11 10. Qxf6 gxf6 11. O-O-O Bxc3 12. bxc3 Rg8 13. g3 d6 14. Bg2 Be6 15. Kd2 Kd7 ({Much less strong is} 15... Bxa2 16. Ra1 Be6 17. Rxa7 $14) 16. Rb1 Rb6 (16... Bxa2 17. Rxb8 Rxb8 18. Ra1 $11) 17. Rxb6 axb6 {[%mdl 4096] Endgame KRB-KRB} ({Much worse is} 17... cxb6 18. a4 $11) 18. a3 Re8 19. e3 Bf5 (19... c6 $15) 20. c4 Be4 21. Bxe4 Rxe4 {KR-KR} 22. Kc3 Re8 23. h4 Ke6 24. Rd1 f5 25. Rd5 Ra8 26. Kb3 c6 27. Rd3 h5 28. c3 Ra5 29. Rd2 b5 30. Ra2 Ke5 (30... Ra4 $5 ) 31. f3 bxc4+ 32. Kxc4 d5+ 33. Kd3 c4+ 34. Kd2 d4 $2 (34... Ra4 $11) 35. Ra1 $2 {[#]} ({Don't play} 35. exd4+ $6 Kd6 36. a4 f4 $18) ({White should play} 35. cxd4+ $18 Kd5 36. a4) 35... c5 (35... d3 $1 $17 36. a4 Kd5) 36. Kc2 $2 {[%mdl 40960] Weighted Error Value: White=0.36/Black=0.39. Sensor Board Error (Ke4/e5)?} (36. cxd4+ $11 cxd4 37. exd4+ Kxd4 38. a4) 1-0

[Event "Benidorm Open-A 2022"]
[Site "Benidorm"]
[Date "2022.12.06"]
[Round "5.23"]
[White "Cherniack, Alex"]
[Black "Priyanka, Kumari"]
[Result "1/2-1/2"]
[ECO "A58"]
[WhiteElo "2188"]
[BlackElo "1910"]
[Annotator "TA"]
[PlyCount "61"]
[EventDate "2022.12.03"]
[EventType "swiss"]
[EventCountry "ESP"]
[SourceTitle "playchess.com"]
[Source "ChessBase"]
[SourceQuality "1"]
[TimeControl "5400+30"]

1. d4 Nf6 2. c4 c5 3. d5 b5 4. cxb5 a6 5. bxa6 g6 6. Nc3 {A58: Benko/Volga Gambit: Lines with 5 bxa6.} Bg7 7. e4 {Strongly threatening e5.} O-O 8. Nf3 {Prevents e6. White is slightly better.} Qa5 9. Bd2 Bxa6 10. Bxa6 Qxa6 11. Qe2 d6 12. h3 (12. a4 $5 ) 12... Qxe2+ 13. Kxe2 Na6 {[%cal Bb8a6,Ba6c7,Bc7b5,Bb5d4][%mdl 32] [#]} 14. Rab1 $146 ({Predecessor:} 14. a3 Rfb8 15. Rhb1 Nc7 16. Kd3 Nb5 17. Nxb5 Rxb5 18. Bc3 e6 19. dxe6 fxe6 20. a4 {½-½ (54) Pohlers,J (2140)-Vulin,M (1800) Istanbul 2002}) 14... Rfb8 15. Rhc1 Rb4 (15... Nd7 $11) 16. a3 $14 Rb7 17. Rc2 Rab8 18. Bc1 Nc7 19. Nd2 Nd7 20. Nc4 Bxc3 21. Rxc3 Nb5 22. Rd3 Ne5 23. Nxe5 dxe5 24. Ra1 c4 {The position is equal.} 25. Rd1 Nd4+ 26. Kf1 Nb3 $1 27. Ra2 Nc5 28. f3 Nd3 29. h4 h5 30. Kg1 Kg7 31. Ra1 {Weighted Error Value: White=0.10 (very precise) /Black=0.07 (flawless)} 1/2-1/2

[Event "Benidorm Open-A 2022"]
[Site "Benidorm"]
[Date "2022.12.06"]
[Round "5.24"]
[White "Panjer, Sidney"]
[Black "Palomo Teruel, Xavier"]
[Result "1-0"]
[ECO "A15"]
[WhiteElo "2115"]
[BlackElo "2040"]
[Annotator "TA"]
[PlyCount "59"]
[EventDate "2022.12.03"]
[EventType "swiss"]
[EventCountry "ESP"]
[SourceTitle "playchess.com"]
[Source "ChessBase"]
[SourceQuality "1"]
[TimeControl "5400+30"]

1. Nf3 Nf6 2. c4 g6 3. Nc3 Bg7 4. e4 e5 5. Nxe5 O-O 6. Nf3 {A16: English Opening: 1...Nf6 with ...d5.} Re8 7. d3 {7.Bd3 might become the main line.} d5 8. cxd5 {White is slightly better.} Nxd5 9. Nxd5 Qxd5 10. Be2 Qd6 11. h3 c5 12. O-O Nc6 {[#]} 13. Rb1 $146 ({Predecessor:} 13. Qa4 b6 14. Rb1 Bd7 15. Be3 Nb4 16. Qd1 Nxa2 17. d4 cxd4 18. Nxd4 Nb4 19. Nf5 Qxd1 20. Rfxd1 {½-½ (66) Baskin,R (2390)-Ivic,V (2581) Chess.com INT 2021}) 13... a5 14. Be3 a4 15. Qc1 b6 16. Bf4 (16. Bh6 {is more complex.} Nd4 17. Nxd4 Bxd4 18. a3) 16... Qe7 17. Bg5 Qb7 18. Be3 Be6 19. b3 axb3 (19... Nb4 $5 20. bxa4 Nxa2 $15) 20. axb3 Ra2 21. Re1 Rea8 22. Bf1 Nb4 ({Better is} 22... Qe7 $11) 23. Bh6 $14 Rc2 (23... Qe7 $14 {deserves consideration.}) 24. Qf4 $16 Bh8 {[#] Against d4} (24... Nc6 $142) 25. Ng5 ({White should play} 25. d4 $1 $16 ) 25... Bd4 $11 26. Re3 ({Don't play} 26. Be2 Qe7 27. Qg3 Bc3 $15) 26... Raa2 $2 {[%mdl 8192] [#]} (26... Bxe3 {gets mated.} 27. Qf6 Bxf2+ 28. Kh1 Bd4 29. e5 Bxe5 30. Qxe5 f6 31. Qxe6+ Kh8 32. Nf7+) (26... Qe7 $11) 27. Nxe6 $1 $18 Rxf2 (27... Nc6 28. Nxd4) 28. Qd6 Rxg2+ 29. Bxg2 Bxe3+ 30. Bxe3 {Weighted Error Value: White=0.14 (very precise) /Black=0.41} 1-0

[Event "Benidorm Open-A 2022"]
[Site "Benidorm"]
[Date "2022.12.06"]
[Round "5.25"]
[White "Sanchez Manzanares, Jorge Luis"]
[Black "Garcia Callejo, Jesus"]
[Result "1/2-1/2"]
[ECO "B15"]
[WhiteElo "2095"]
[BlackElo "2140"]
[Annotator "TA"]
[PlyCount "60"]
[EventDate "2022.12.03"]
[EventType "swiss"]
[EventCountry "ESP"]
[SourceTitle "playchess.com"]
[Source "ChessBase"]
[SourceQuality "1"]
[TimeControl "5400+30"]

1. e4 c6 2. d4 d5 3. Nc3 dxe4 4. Nxe4 Nf6 5. Ng5 h6 6. N5f3 Bf5 7. Bc4 {B15: Caro-Kann: 3 Nc3: 3...g6 and 3...dxe4 4 Nxe4 Nf6 5 Nxf6+ exf6.} Nbd7 8. Ne2 e6 9. Ng3 {The position is equal.} Bh7 10. Bd3 Bxd3 11. Qxd3 Bd6 12. Bd2 Qc7 13. O-O-O (13. c4 $11) 13... O-O-O {[#]} (13... b5 $15) 14. Ne4 $146 ({Predecessor:} 14. Kb1 Kb8 15. Ne4 Nxe4 16. Qxe4 Nf6 17. Qe2 c5 18. c3 c4 19. g3 Nd5 20. Ne5 Bxe5 21. dxe5 {0-1 (69) Chowdhury,S (2148)-Abu Sufian,S (2236) Chess.com INT 2020}) 14... Nxe4 15. Qxe4 Nf6 16. Qe2 c5 17. Kb1 a6 ({Better is} 17... c4 $1) 18. Bc3 (18. dxc5 $11 Bxc5 19. g3) 18... Nd5 19. Bd2 c4 20. Qe1 {Against c3} Kb8 21. Ne5 Rc8 22. c3 Bxe5 23. dxe5 Qc6 24. f3 Rcd8 25. Qg3 g6 (25... Qa4 $5 26. Rc1 Ne7 $15) 26. Rhe1 b5 27. Ka1 Rd7 28. Bc1 h5 29. Bg5 Rc8 30. Qf2 Rcc7 {Weighted Error Value: White=0.17 (very precise) /Black=0.15 (very precise)} 1/2-1/2

[Event "Benidorm Open-A 2022"]
[Site "Benidorm"]
[Date "2022.12.06"]
[Round "5.26"]
[White "Sanroman Costas, Mauro"]
[Black "Perez Candelario, Matias"]
[Result "1-0"]
[ECO "B06"]
[WhiteElo "2123"]
[BlackElo "2009"]
[Annotator "TA"]
[PlyCount "69"]
[EventDate "2022.12.03"]
[EventType "swiss"]
[EventCountry "ESP"]
[SourceTitle "playchess.com"]
[Source "ChessBase"]
[SourceQuality "1"]
[TimeControl "5400+30"]

1. e4 g6 2. d4 Bg7 3. Nc3 d6 4. h3 Nd7 5. Nge2 Ngf6 6. g4 {B06: Modern Defence.} c5 7. Bg2 {[%cal Oe4e5] [#]} cxd4 $146 ({Predecessor:} 7... Rb8 8. O-O b5 9. dxc5 Nxc5 10. e5 dxe5 11. Qxd8+ Kxd8 12. Be3 Nfd7 13. Rad1 b4 {0-1 (86) Bortnyk,M (2432)-Jones,G (2651) Chess.com INT 2018}) 8. Nxd4 {White is slightly better.} Qb6 9. Nde2 h6 10. O-O g5 11. a4 a6 (11... Ne5 $14) 12. Be3 $16 Qa5 13. Rb1 (13. f4 $16) 13... h5 (13... Ne5 $11) 14. b4 Qc7 15. gxh5 g4 16. h4 (16. hxg4 $14 Nxg4 17. Nd5) 16... Rxh5 (16... Ne5 $1 $17 {[%cal Re5f3] aiming for ...Nf3+.} 17. Rb3 Be6) 17. Bg5 $15 Ne5 18. Rb3 (18. Nf4 $11 {keeps the balance.} Qxc3 19. Bxf6 Bxf6 20. Nxh5 Bxh4 21. Rb3) 18... Be6 $17 19. Nd5 Nxd5 20. exd5 Bd7 21. Ng3 Rh8 22. b5 (22. Re3 $17 {keeps fighting.}) 22... f6 23. Bf4 Ng6 $1 (23... Rxh4 24. Bxe5 fxe5 25. bxa6 bxa6 26. Qd3 $15) 24. Qd2 Nxf4 $2 ({Worse is} 24... Nxh4 25. b6 Qd8 26. a5 $17) (24... Rxh4 25. bxa6 bxa6 26. Be4 $11) (24... axb5 $1 $19 25. axb5 (25. Rc3 $2 Qa5 $19) 25... Ra4) 25. Qxf4 $11 Qxc2 (25... axb5 $11 26. Rxb5 Bxb5 27. axb5 f5) 26. Rbb1 (26. Re3 $14 Kd8 27. Re2) 26... Rxh4 $2 {[#]} (26... Bh6 $1 $15 {keeps the upper hand.} 27. Qe4 Qxe4 28. Bxe4 axb5 29. axb5 Bf4 30. Bg6+ Kf8) 27. Be4 $1 $18 Qc3 {[#]} (27... Qxa4 $2 28. Bg6+ Kf8 29. Qxa4 $18) 28. Rfe1 $2 ({Only move:} 28. bxa6 $1 $18 bxa6 29. Bf5 Bxf5 30. Nxf5) 28... Kf8 $1 $11 {White must now prevent ...Bh6.} 29. Bf5 Rd8 (29... Bxf5 $1 $11 30. Qxf5 (30. Nxf5 Rh5 $11) 30... Qf3) 30. Qe4 Qe5 31. Qc4 Bxf5 (31... axb5 $2 32. Qc7 Ra8 33. Rxe5 fxe5 34. Qxd7) 32. Rxe5 fxe5 (32... Bxb1 33. Re1 Bg6) 33. Nxf5 $18 Rh5 34. Qxg4 Rh7 35. Qg6 {Weighted Error Value: White=0.34/Black=0.58} 1-0